% Time on Ice - SALEM BLACK JAYS
Lines # - Real PCT - Wanted PCT - Time Play
Normal Forward
1 - 37% - 36% - 17:34
2 - 30% - 31% - 14:26
3 - 22% - 23% - 10:23
4 - 12% - 10% - 5:41
Normal Defense
1 - 37% - 36% - 17:58
2 - 31% - 31% - 15:06
3 - 23% - 23% - 11:00
4 - 8% - 10% - 4:00
PP Forward
1 - 44% - 55% - 2:39
2 - 56% - 45% - 3:20
PP Defense
1 - 46% - 55% - 2:45
2 - 54% - 45% - 3:14
PK Forward
1 - 58% - 55% - 3:27
2 - 42% - 45% - 2:30
PK Defense
1 - 53% - 55% - 3:08
2 - 47% - 45% - 2:49
PK3 Forward
1 - 0% - 55%
2 - 0% - 45%
PK3 Defense
1 - 0% - 55%
2 - 0% - 45%
44 Forward
1 - 0% - 55%
2 - 0% - 45%
44 Defense
1 - 0% - 55%
2 - 0% - 45%
Last Minute Offensive  - 0:00
Last Minute Defensive  - 0:00
Total
Forward - 60:00
Defense - 60:00
% Time on Ice - BOISE CARIBOUS
Lines # - Real PCT - Wanted PCT - Time Play
Normal Forward
1 - 32% - 31% - 15:15
2 - 30% - 30% - 14:37
3 - 25% - 24% - 11:49
4 - 13% - 15% - 6:23
Normal Defense
1 - 33% - 34% - 16:03
2 - 36% - 34% - 17:31
3 - 30% - 29% - 14:30
4 - 0% - 3% - 0:00
PP Forward
1 - 55% - 55% - 3:15
2 - 45% - 45% - 2:42
PP Defense
1 - 59% - 55% - 3:29
2 - 41% - 45% - 2:28
PK Forward
1 - 62% - 55% - 3:41
2 - 38% - 45% - 2:18
PK Defense
1 - 69% - 55% - 4:08
2 - 31% - 45% - 1:51
PK3 Forward
1 - 0% - 55%
2 - 0% - 45%
PK3 Defense
1 - 0% - 55%
2 - 0% - 45%
44 Forward
1 - 0% - 55%
2 - 0% - 45%
44 Defense
1 - 0% - 55%
2 - 0% - 45%
Last Minute Offensive  - 0:00
Last Minute Defensive  - 0:00
Total
Forward - 60:00
Defense - 60:00
Play-by-Play 1st period 0:01 of 1st period - Kyle Turris wins face-off versus Mathew Barzal in neutral zone. 0:21 of 1st period - Icing by John Klingberg. 0:22 of 1st period - Dylan Larkin wins face-off versus Kyle Turris in BOISE CARIBOUS zone. 0:32 of 1st period - Icing by John Klingberg. 0:33 of 1st period - Casey Cizikas wins face-off versus Kyle Turris in BOISE CARIBOUS zone. 1:12 of 1st period - Shot by Casey Cizikas. 1:12 of 1st period - Stopped by Alexandar Georgiev without a rebound. 1:13 of 1st period - Dylan Larkin wins face-off versus Carl Soderberg in BOISE CARIBOUS zone. 1:18 of 1st period - Shot by Mikko Rantanen. 1:18 of 1st period - Stopped by Alexandar Georgiev without a rebound. 1:19 of 1st period - Filip Chytil wins face-off versus Radek Faksa in BOISE CARIBOUS zone. 1:30 of 1st period - Shot by Par Lindholm. 1:30 of 1st period - Shot Misses the Net. 1:48 of 1st period - Shot by Lawson Crouse. 1:48 of 1st period - Shot Blocked by Filip Chytil. 1:50 of 1st period - Shot by Darren Helm. 1:50 of 1st period - Shot Misses the Net. 1:58 of 1st period - Shot by Radek Faksa. 1:58 of 1st period - Stopped by Elvis Merzlikins without a rebound. 1:59 of 1st period - Phil Kessel wins face-off versus Mathew Barzal in SALEM BLACK JAYS zone. 2:17 of 1st period - Off-side. 2:18 of 1st period - Dylan Larkin wins face-off versus Theodor Blueger in neutral zone. 3:21 of 1st period - Shot by Dominik Kubalik. 3:21 of 1st period - Shot Misses the Net. 3:43 of 1st period - Shot by Phil Kessel. 3:43 of 1st period - Shot Misses the Net. 3:45 of 1st period - Shot by Phil Kessel. 3:45 of 1st period - Stopped by Elvis Merzlikins with a rebound. 4:09 of 1st period - Shot by Radek Faksa. 4:09 of 1st period - Stopped by Elvis Merzlikins without a rebound. 4:10 of 1st period - Kyle Turris wins face-off versus Mitchell Marner in SALEM BLACK JAYS zone. 4:18 of 1st period - Tom Wilson is hit by Scott Mayfield and loses puck. 4:31 of 1st period - Shot by Mitchell Marner. 4:31 of 1st period - Stopped by Alexandar Georgiev with a rebound. 5:04 of 1st period - Off-side. 5:05 of 1st period - Casey Cizikas wins face-off versus Phil Kessel in neutral zone. 5:24 of 1st period - Shot by Andreas Athanasiou. 5:24 of 1st period - Stopped by Alexandar Georgiev without a rebound. 5:25 of 1st period - Radek Faksa wins face-off versus Filip Chytil in BOISE CARIBOUS zone. 5:25 of 1st period - Radek Faksa is hit by Matthew Highmore. 5:28 of 1st period - Minor Penalty to Filip Chytil for Roughing. 5:29 of 1st period - Casey Cizikas wins face-off versus Kyle Turris in SALEM BLACK JAYS zone. 5:36 of 1st period - Shot by Casey Cizikas. 5:36 of 1st period - Stopped by Alexandar Georgiev without a rebound. 5:37 of 1st period - Casey Cizikas wins face-off versus Carl Soderberg in BOISE CARIBOUS zone. 6:04 of 1st period - Shot by Casey Cizikas. 6:04 of 1st period - Goal by Casey Cizikas - SALEM BLACK JAYS : 1 - BOISE CARIBOUS : 0. 6:05 of 1st period - Kyle Turris wins face-off versus Andreas Athanasiou in neutral zone. 6:09 of 1st period - Dominik Kubalik is hit by Cody Ceci and loses puck. 6:44 of 1st period - Shot by Andreas Athanasiou. 6:44 of 1st period - Shot Misses the Net. 7:18 of 1st period - Shot by Carl Soderberg. 7:18 of 1st period - Stopped by Elvis Merzlikins without a rebound. 7:19 of 1st period - Dylan Larkin wins face-off versus Andre Burakovsky in SALEM BLACK JAYS zone. 7:19 of 1st period - Dylan Larkin is hit by Tom Wilson. 7:43 of 1st period - Shot by Patrick Marleau. 7:43 of 1st period - Stopped by Elvis Merzlikins without a rebound. 7:44 of 1st period - Carl Soderberg wins face-off versus Casey Cizikas in SALEM BLACK JAYS zone. 9:15 of 1st period - Icing by John Klingberg. 9:16 of 1st period - Dylan Larkin wins face-off versus Carl Soderberg in BOISE CARIBOUS zone. 9:23 of 1st period - John Klingberg is hit by Scott Mayfield. 9:37 of 1st period - Shot by Lawson Crouse. 9:37 of 1st period - Stopped by Elvis Merzlikins with a rebound. 9:39 of 1st period - Shot by Radek Faksa. 9:39 of 1st period - Stopped by Elvis Merzlikins without a rebound. 9:40 of 1st period - Filip Chytil wins face-off versus Andre Burakovsky in SALEM BLACK JAYS zone. 11:19 of 1st period - Radek Faksa is hit by Anthony DeAngelo. 11:28 of 1st period - Dylan Larkin is hit by Mike Reilly and loses puck. 11:47 of 1st period - Shot by Dylan Larkin. 11:47 of 1st period - Shot Misses the Net. 12:42 of 1st period - Shot by Tom Wilson. 12:42 of 1st period - Shot Misses the Net. 12:44 of 1st period - Shot by John Klingberg. 12:44 of 1st period - Stopped by Elvis Merzlikins without a rebound. 12:45 of 1st period - Carl Soderberg wins face-off versus Mathew Barzal in SALEM BLACK JAYS zone. 13:08 of 1st period - Carl Soderberg is hit by Mathew Barzal and loses puck. 13:21 of 1st period - Scott Mayfield is hit by Carl Soderberg and loses puck. 14:25 of 1st period - Icing by Darren Helm. 14:26 of 1st period - Dylan Larkin wins face-off versus Radek Faksa in BOISE CARIBOUS zone. 14:46 of 1st period - Matthew Calvert is hit by Darren Helm and loses puck. 15:21 of 1st period - Shot by Andre Burakovsky. 15:21 of 1st period - Shot Blocked by Dylan Larkin. 15:57 of 1st period - Shot by Carl Soderberg. 15:57 of 1st period - Deflect By Phil Kessel. 15:57 of 1st period - Shot Misses the Net. 16:01 of 1st period - Shot by Dominik Kubalik. 16:01 of 1st period - Shot Blocked by Joshua Morrissey. 16:05 of 1st period - Shot by Dominik Kubalik. 16:05 of 1st period - Deflect By Carl Soderberg. 16:05 of 1st period - Stopped by Elvis Merzlikins with a rebound. 16:07 of 1st period - Shot by Dominik Kubalik. 16:07 of 1st period - Shot Blocked by Mathew Barzal. 16:09 of 1st period - Shot by Carl Soderberg. 16:09 of 1st period - Shot Misses the Net. 16:11 of 1st period - Shot by Phil Kessel. 16:11 of 1st period - Stopped by Elvis Merzlikins without a rebound. 16:12 of 1st period - Casey Cizikas wins face-off versus Theodor Blueger in SALEM BLACK JAYS zone. 16:16 of 1st period - Casey Cizikas is hit by Theodor Blueger and loses puck. 16:43 of 1st period - Shot by Martin Necas. 16:43 of 1st period - Stopped by Alexandar Georgiev with a rebound. 16:58 of 1st period - Off-side. 16:59 of 1st period - Kyle Turris wins face-off versus Josh Leivo in neutral zone. 17:12 of 1st period - Andre Burakovsky is hit by Mathew Barzal and loses puck. 17:34 of 1st period - Minor Penalty to Mike Reilly for Interference. 17:35 of 1st period - Radek Faksa wins face-off versus Mitchell Marner in BOISE CARIBOUS zone. 18:00 of 1st period - Shot by Dylan Larkin. 18:00 of 1st period - Deflect By Mitchell Marner. 18:00 of 1st period - Shot Misses the Net. 18:06 of 1st period - Shot by Andreas Athanasiou. 18:06 of 1st period - Stopped by Alexandar Georgiev without a rebound. 18:07 of 1st period - Theodor Blueger wins face-off versus Mathew Barzal in BOISE CARIBOUS zone. 19:03 of 1st period - Icing by Mitchell Marner. 19:04 of 1st period - Radek Faksa wins face-off versus Dylan Larkin in SALEM BLACK JAYS zone. 19:52 of 1st period - Dominik Kubalik is hit by Scott Mayfield and loses puck. Goals for this period are 1 for SALEM BLACK JAYS vs 0 for BOISE CARIBOUS. Shots for this period are 8 for SALEM BLACK JAYS vs 10 for BOISE CARIBOUS. 2nd period 0:01 of 2nd period - Kyle Turris wins face-off versus Mathew Barzal in neutral zone. 0:12 of 2nd period - Shot by Andre Burakovsky. 0:12 of 2nd period - Shot Misses the Net. 0:26 of 2nd period - Shot by Kyle Turris. 0:26 of 2nd period - Stopped by Elvis Merzlikins with a rebound. 0:35 of 2nd period - Minor Penalty to Rasmus Andersson for Hooking. 0:36 of 2nd period - Dylan Larkin wins face-off versus Radek Faksa in BOISE CARIBOUS zone. 0:43 of 2nd period - Shot by Andreas Athanasiou. 0:43 of 2nd period - Shot Misses the Net. 0:47 of 2nd period - Shot by Mitchell Marner. 0:47 of 2nd period - Stopped by Alexandar Georgiev without a rebound. 0:48 of 2nd period - Radek Faksa wins face-off versus Mathew Barzal in BOISE CARIBOUS zone. 1:34 of 2nd period - Darren Helm is hit by Mathew Barzal and loses puck. 1:55 of 2nd period - Shot by Dylan Larkin. 1:55 of 2nd period - Shot Misses the Net. 1:57 of 2nd period - Shot by Anthony DeAngelo. 1:57 of 2nd period - Stopped by Alexandar Georgiev without a rebound. 1:58 of 2nd period - Dylan Larkin wins face-off versus Radek Faksa in BOISE CARIBOUS zone. 2:07 of 2nd period - Shot by Mitchell Marner. 2:07 of 2nd period - Deflect By Dylan Larkin. 2:07 of 2nd period - Stopped by Alexandar Georgiev with a rebound. 2:17 of 2nd period - Shot by Mitchell Marner. 2:17 of 2nd period - Shot Misses the Net. 2:19 of 2nd period - Shot by Mitchell Marner. 2:19 of 2nd period - Stopped by Alexandar Georgiev with a rebound. 2:21 of 2nd period - Shot by Anthony DeAngelo. 2:21 of 2nd period - Shot Blocked by Joakim Ryan. 2:23 of 2nd period - Shot by Mitchell Marner. 2:23 of 2nd period - Deflect By Dylan Larkin. 2:23 of 2nd period - Shot Misses the Net. 2:34 of 2nd period - Dylan Larkin is hit by Brendan Smith and loses puck. 3:03 of 2nd period - Shot by Filip Chytil. 3:03 of 2nd period - Shot Blocked by Will Butcher. 3:05 of 2nd period - Shot by Par Lindholm. 3:05 of 2nd period - Stopped by Alexandar Georgiev without a rebound. 3:06 of 2nd period - Kyle Turris wins face-off versus Matthew Calvert in BOISE CARIBOUS zone. 3:11 of 2nd period - Dylan Larkin is hit by Tom Wilson and loses puck. 3:22 of 2nd period - Shot by Jason Demers. 3:22 of 2nd period - Shot Misses the Net. 6:23 of 2nd period - Rasmus Andersson is hit by Matthew Highmore and loses puck. 6:44 of 2nd period - Icing by Darren Helm. 6:45 of 2nd period - Radek Faksa wins face-off versus Mathew Barzal in BOISE CARIBOUS zone. 7:05 of 2nd period - Mitchell Marner is hit by Mike Reilly and loses puck. 7:23 of 2nd period - Shot by Carl Soderberg. 7:23 of 2nd period - Stopped by Elvis Merzlikins without a rebound. 7:24 of 2nd period - Dylan Larkin wins face-off versus Theodor Blueger in SALEM BLACK JAYS zone. 7:56 of 2nd period - Shot by Mikko Rantanen. 7:56 of 2nd period - Shot Misses the Net. 8:08 of 2nd period - Shot by Mikko Rantanen. 8:08 of 2nd period - Stopped by Alexandar Georgiev with a rebound. 8:38 of 2nd period - Shot by Andreas Athanasiou. 8:38 of 2nd period - Stopped by Alexandar Georgiev without a rebound. 8:39 of 2nd period - Radek Faksa wins face-off versus Mathew Barzal in BOISE CARIBOUS zone. 9:32 of 2nd period - Icing by John Klingberg. 9:33 of 2nd period - Carl Soderberg wins face-off versus Dylan Larkin in BOISE CARIBOUS zone. 9:33 of 2nd period - Carl Soderberg is hit by Matthew Calvert. 9:45 of 2nd period - Shot by Phil Kessel. 9:45 of 2nd period - Deflect By Dominik Kubalik. 9:45 of 2nd period - Shot Misses the Net. 9:47 of 2nd period - Shot by John Klingberg. 9:47 of 2nd period - Shot Misses the Net. 9:49 of 2nd period - Shot by Carl Soderberg. 9:49 of 2nd period - Stopped by Elvis Merzlikins without a rebound. 9:50 of 2nd period - Casey Cizikas wins face-off versus Andre Burakovsky in SALEM BLACK JAYS zone. 9:50 of 2nd period - Casey Cizikas is hit by Tom Wilson. 9:58 of 2nd period - Shot by Andre Burakovsky. 9:58 of 2nd period - Shot Misses the Net. 10:21 of 2nd period - Shot by Andre Burakovsky. 10:21 of 2nd period - Shot Misses the Net. 10:28 of 2nd period - Off-side. 10:29 of 2nd period - Mitchell Marner wins face-off versus Carl Soderberg in neutral zone. 10:40 of 2nd period - Off-side. 10:41 of 2nd period - Radek Faksa wins face-off versus Dylan Larkin in neutral zone. 11:08 of 2nd period - Shot by Darren Helm. 11:08 of 2nd period - Shot Misses the Net. 11:10 of 2nd period - Shot by Darren Helm. 11:10 of 2nd period - Shot Misses the Net. 11:12 of 2nd period - Shot by Darren Helm. 11:12 of 2nd period - Stopped by Elvis Merzlikins without a rebound. 11:13 of 2nd period - Carl Soderberg wins face-off versus Mathew Barzal in SALEM BLACK JAYS zone. 11:18 of 2nd period - Shot by Dominik Kubalik. 11:18 of 2nd period - Shot Misses the Net. 11:32 of 2nd period - Shot by Carl Soderberg. 11:32 of 2nd period - Stopped by Elvis Merzlikins without a rebound. 11:33 of 2nd period - Kyle Turris wins face-off versus Casey Cizikas in SALEM BLACK JAYS zone. 12:05 of 2nd period - Shot by Andreas Athanasiou. 12:05 of 2nd period - Shot Misses the Net. 12:09 of 2nd period - Shot by Martin Necas. 12:09 of 2nd period - Stopped by Alexandar Georgiev without a rebound. 12:10 of 2nd period - Mathew Barzal wins face-off versus Carl Soderberg in BOISE CARIBOUS zone. 12:25 of 2nd period - Shot by Josh Leivo. 12:25 of 2nd period - Shot Misses the Net. 12:27 of 2nd period - Shot by Josh Leivo. 12:27 of 2nd period - Shot Hit the Post. 12:29 of 2nd period - Shot by Mitchell Marner. 12:29 of 2nd period - Shot Misses the Net. 12:31 of 2nd period - Shot by Josh Leivo. 12:31 of 2nd period - Stopped by Alexandar Georgiev without a rebound. 12:32 of 2nd period - Radek Faksa wins face-off versus Dylan Larkin in BOISE CARIBOUS zone. 12:41 of 2nd period - Icing by Dylan Larkin. 12:42 of 2nd period - Dylan Larkin wins face-off versus Dominik Kubalik in SALEM BLACK JAYS zone. 13:05 of 2nd period - Shot by Dominik Kubalik. 13:05 of 2nd period - Stopped by Elvis Merzlikins without a rebound. 13:06 of 2nd period - Radek Faksa wins face-off versus Mathew Barzal in SALEM BLACK JAYS zone. 13:15 of 2nd period - Shot by Mathew Barzal. 13:15 of 2nd period - Goal by Mathew Barzal - SALEM BLACK JAYS : 2 - BOISE CARIBOUS : 0. 13:16 of 2nd period - Kyle Turris wins face-off versus Mathew Barzal in neutral zone. 14:24 of 2nd period - Shot by Phil Kessel. 14:24 of 2nd period - Shot Hit the Post. 14:26 of 2nd period - Shot by Carl Soderberg. 14:26 of 2nd period - Stopped by Elvis Merzlikins with a rebound. 14:28 of 2nd period - Shot by Dominik Kubalik. 14:28 of 2nd period - Stopped by Elvis Merzlikins without a rebound. 14:29 of 2nd period - Dylan Larkin wins face-off versus Darren Helm in SALEM BLACK JAYS zone. 14:29 of 2nd period - Dylan Larkin is hit by Lawson Crouse. 14:52 of 2nd period - Shot by Mikko Rantanen. 14:52 of 2nd period - Shot Misses the Net. 15:08 of 2nd period - Shot by Mikko Rantanen. 15:08 of 2nd period - Stopped by Alexandar Georgiev without a rebound. 15:08 of 2nd period - Minor Penalty to Mike Reilly for Tripping. 15:09 of 2nd period - Dylan Larkin wins face-off versus Theodor Blueger in BOISE CARIBOUS zone. 15:10 of 2nd period - Shot by Andreas Athanasiou. 15:10 of 2nd period - Goal by Andreas Athanasiou - SALEM BLACK JAYS : 3 - BOISE CARIBOUS : 0. 15:11 of 2nd period - Casey Cizikas wins face-off versus Dominik Kubalik in neutral zone. 15:13 of 2nd period - Andreas Athanasiou is hit by Rasmus Andersson. 15:16 of 2nd period - Icing by Rasmus Andersson. 15:17 of 2nd period - Casey Cizikas wins face-off versus Car